 Dungeon Crawl Stone Soup version 0.25-a0-1104-g1bb6b8da34 (webtiles) character file.

Game seed: 5007437155859913922, levelgen mode: deterministic

2755 Maedhros the Martial Artist (level 9, -2/61 HPs)
             Began as an Octopode Artificer on May 16, 2020.
             Was a Plaything of Xom.
             Slain by a death yak (29 damage)
             ... on level 9 of the Dungeon.
             The game lasted 00:16:58 (3403 turns).

Maedhros the Martial Artist (Octopode Artificer)    Turns: 3403, Time: 00:16:58

Health: -2/61      AC:  1    Str: 11    XL:     9   Next: 69%
Magic:  2/11       EV: 20    Int: 13    God:    Xom [...*..]
Gold:   432        SH:  0    Dex: 16    Spells: 8/8 levels left

rFire    . . .     SeeInvis .     - Unarmed
rCold    . . .     Gourm    .   (no shield)
rNeg     . . .     Faith    .   (helmet restricted)
rPois    .         Spirit   .   (no amulet)
rElec    .         Reflect  .   i - +4 ring of evasion
rCorr    .         Harm     .   x - ring of protection from magic
MR       +....                  (no ring)
Stlth    ++++......             (no ring)
HPRegen  0.20/turn              (no ring)
MPRegen  0.12/turn              (no ring)
                                (no ring)
                                (no ring)

@: mighty, very slightly contaminated
A: almost no armour, stealthy swim, amphibious, 8 rings, constrict 8, camouflage
1, wild magic 2, gelatinous body 1
a: Renounce Religion


You were on level 9 of the Dungeon.
You worshipped Xom.
You were a favourite toy of Xom.
You were not hungry.

You visited 2 branches of the dungeon, and saw 10 of its levels.

You collected 432 gold pieces.

Inventory:

Hand Weapons
 h - a +0 hunting sling
 j - a +0 spear of freezing
 s - the +3 rapier "Nyseukip" {vorpal, +Rage MP-9 Dex+3}
   (You found it on level 6 of the Dungeon)

   It inflicts extra damage upon your enemies.
   It affects your dexterity (+3).
   It affects your magic capacity (-9).
   It lets you go berserk.
Missiles
 m - 123 sling bullets
 o - 8 poisoned darts (quivered)
Jewellery
 i - a +4 ring of evasion (left tentacle)
 x - a ring of protection from magic (right tentacle)
Scrolls
 d - 2 scrolls of identify {unknown}
 e - a scroll of enchant weapon {unknown}
 k - 3 scrolls of remove curse
 l - a scroll of immolation {unknown}
 n - a scroll of random uselessness {unknown}
 q - 3 scrolls of amnesia {unknown}
 u - 2 scrolls of acquirement {unknown}
 y - 4 scrolls of teleportation {unknown}
Potions
 b - a potion of stabbing {unknown}
 p - a potion of might
 r - 3 potions of curing
 w - a potion of ambrosia {unknown}
 z - 3 potions of heal wounds {unknown}
Comestibles
 f - 5 rations


   Skills:
 + Level 5.1 Fighting
 - Level 1.0 Short Blades
 - Level 1.0 Polearms
 + Level 5.4 Dodging
 - Level 4.0 Stealth
 * Level 10.2 Unarmed Combat
 - Level 3.2 Evocations


You had 8 spell levels left.
You didn't know any spells.
Your spell library contained the following spells:

 Spells                   Type           Power        Failure   Level  Hunger
 Summon Small Mammal      Summ           #...         47%         1    ##.....


Dungeon Overview and Level Annotations

Branches:
Dungeon (9/15)             Temple (1/1) D:5            Lair (0/6) D:9
    Orc: D:9-12

Altars:
Ashenzari
Dithmenos
Elyvilon
Fedhas
Hepliaklqana
Kikubaaqudgha
Makhleb
Nemelex Xobeh
Okawaru
Qazlal
Ru
Sif Muna
Trog
Uskayaw
Vehumet
Wu Jian
Xom
Yredelemnul
The Shining One

Annotations:
D:5 2 transporters, Menkaure
D:7 1 runed translucent door


Innate Abilities, Weirdness & Mutations

You cannot wear most types of armour.
You are very stealthy in the water. (Stealth+)
You are amphibious.
You can wear up to eight rings at the same time.
You can use your tentacles to constrict eight enemies at once.
Your skin changes colour to match your surroundings (Stealth+).
Your rubbery body absorbs attacks. (AC +1, EV +1)
Your spells are harder to cast, but more powerful.


Message History

Your Fighting skill increases to level 5!
The bolt of acid hits the death yak!!
The death yak is splashed with acid!
The death yak is severely wounded.
The now-empty wand crumbles to dust.
You aren't carrying any items that you can evoke without wielding.
Okay, then.
You feel very mighty all of a sudden.
a - a +0 short sword (weapon)
The death yak misses you.
Drop what? 22/52 slots (_ for help) (? for menu, Esc to quit)
You are now empty-tentacled.
You drop a +0 short sword.
Xom grants you insight.
You detect creatures!
A crimson imp comes into view.
The death yak gores you.
You tentacle-slap the death yak.
The death yak is severely wounded.
The death yak gores you!!
You die...
Xom howls with laughter!

...##+#####. ..#...
.......... .5..#+
......####.%...##
#...##......... ....
#...#..P....... ...+
#.....P........ #..#
#....†....>.... #..#
#...Y..P....... #..#
#..@#..P.....P.
#.<#####...##.........
#..........####.....##
#..........#####......
#.....................
#....................P
#............... ..
#..<.....#####..
#........# #+


You could see a death yak and a crimson imp.

Vanquished Creatures
  Harold (D:7)
  An elephant (D:9)
  2 sky beasts
  2 phantoms
  An ogre (D:2)
  A wolf (D:6)
  A crocodile (D:9)
  Blork the orc (D:4)
  2 bullfrogs
  An orc priest (D:7)
  2 scorpions
  A centaur zombie (D:9)
  2 crimson imps
  2 hounds
  A jelly (D:4)
  A centaur skeleton (D:4)
  An iguana (D:7)
  4 orc wizards
  4 worker ants
  A killer bee zombie (D:7)
  7 gnolls
  10 adders
  2 shadow imps
  An adder zombie (D:9)
  11 oozes
  2 adder skeletons
  2 worms
  3 dart slugs
  A leopard gecko (D:6)
  22 orcs
  2 ball pythons
  4 bats
  4 giant cockroaches
  6 goblins
  7 hobgoblins
  3 frilled lizards
  9 kobolds
  A quokka skeleton (D:9)
  7 rats
136 creatures vanquished.

Vanquished Creatures (collateral kills)
  A sky beast (D:7)
  A worker ant (D:7)
  A worm (D:4)
  3 orcs
  2 jackals (D:4)
  3 kobolds (D:4)
11 creatures vanquished.

Vanquished Creatures (others)
  A basilisk (D:9)
  7 toadstools (D:4)
8 creatures vanquished.

Grand Total: 155 creatures vanquished

Notes
Turn   | Place    | Note
-------+----------+-------------------------------------------
     0 | D:1      | Maedhros the Octopode Artificer began the quest for the
                  | Orb.
     0 | D:1      | Reached XP level 1. HP: 13/13 MP: 3/3
    59 | D:1      | Reached XP level 2. HP: 7/18 MP: 4/4
    87 | D:1      | You fall into a shaft and drop 1 floor!
   110 | D:2      | Reached skill level 1 in Polearms
   110 | D:2      | Reached XP level 3. HP: 7/23 MP: 5/5
   159 | D:2      | Noticed an ogre
   170 | D:2      | Reached skill level 1 in Unarmed Combat
   177 | D:2      | Killed an ogre
   177 | D:2      | Reached skill level 3 in Unarmed Combat
   177 | D:2      | Reached XP level 4. HP: 13/28 MP: 6/6
   177 | D:2      | Reached XP level 5. HP: 15/33 MP: 7/7
   472 | D:4      | Noticed Blork the orc
   523 | D:4      | Killed Blork the orc
   523 | D:4      | Reached skill level 4 in Unarmed Combat
   575 | D:4      | Reached XP level 6. HP: 21/38 MP: 8/8
   586 | D:4      | Reached skill level 5 in Unarmed Combat
   895 | D:4      | Noticed a phantom
   911 | D:4      | Killed a phantom
   911 | D:4      | Reached skill level 6 in Unarmed Combat
   968 | D:5      | Entered Level 5 of the Dungeon
   975 | D:5      | Found a blossoming altar of Fedhas.
  1017 | D:5      | Reached XP level 7. HP: 17/43 MP: 9/9
  1200 | D:6      | Reached skill level 7 in Unarmed Combat
  1267 | D:7      | Found a sacrificial altar of Ru.
  1309 | D:7      | Noticed Harold
  1321 | D:7      | Killed Harold
  1321 | D:7      | Reached skill level 8 in Unarmed Combat
  1321 | D:7      | Reached XP level 8. HP: 10/52 MP: 10/10
  1687 | D:5      | Noticed a vampire
  1689 | D:5      | Found an ancient bone altar of Kikubaaqudgha.
  1690 | D:5      | Found a basalt altar of Yredelemnul.
  1690 | D:5      | Noticed Menkaure
  1693 | D:5      | Found the +9 staff of Wucad Mu {channel}
  1708 | D:5      | Found a transporter.
  1719 | D:5      | Found a transporter.
  1775 | D:5      | Reached skill level 9 in Unarmed Combat
  1806 | D:5      | Found a staircase to the Ecumenical Temple.
  1814 | Temple   | Entered the Ecumenical Temple
  1868 | Temple   | Became a worshipper of Xom of Chaos
  2015 | D:5      | XOM: potion effect (haste)
  2100 | D:3      | Found a shimmering blue altar of Sif Muna.
  2118 | D:3      | Gained mutation: Your spells are a little harder to cast,
                  | but a little more powerful. [potion of mutation]
  2118 | D:3      | Gained mutation: Your spells are harder to cast, but more
                  | powerful. [potion of mutation]
  2121 | D:3      | Identified Sif Muna's Compendium of Calling
  2261 | D:2      | Reached XP level 9. HP: 24/58 MP: 11/11
  2274 | D:2      | XOM: silly message
  3049 | D:6      | XOM: noise
  3062 | D:6      | XOM: silly message
  3072 | D:6      | Got a faintly glowing rapier
  3073 | D:6      | Identified the +3 rapier "Nyseukip" {vorpal, +Rage MP-9
                  | Dex+3} (You found it on level 6 of the Dungeon)
  3173 | D:7      | Found a runed translucent door.
  3173 | D:7      | Found a glowing golden altar of the Shining One.
  3173 | D:7      | Noticed an angel
  3249 | D:8      | XOM: cloud trail
  3311 | D:8      | Found a hide-covered altar of Uskayaw.
  3353 | D:9      | Reached skill level 5 in Dodging
  3360 | D:9      | Found a staircase to the Lair.
  3360 | D:9      | Noticed an elephant
  3361 | D:9      | Noticed a death yak
  3385 | D:9      | XOM: silly message
  3389 | D:9      | Reached skill level 10 in Unarmed Combat
  3399 | D:9      | Killed an elephant
  3399 | D:9      | Reached skill level 5 in Fighting
  3402 | D:9      | XOM: divination: detect creatures
  3403 | D:9      | Slain by a death yak

Illustrated notes

Levels and vault maps discovered:
D:1:      dpeg_arrival_rooms_with_view, layout_basic, serial_glass,
          glass_columns_c, glass_columns_c
D:2:      layout_basic, first_ration
D:3:      layout_loops_ring, led_sif_book,
          grunt_temple_overflow_gold_and_silver, chequers_serial_rivers_room_a,
          hangedman_decor_clover_reticule
D:4:      cheibrodos_fertilizer, layout_gridville, minmay_stone_trees_small,
          uniq_crazy_yiuf_cottage, uniq_blork_the_orc
D:5:      layout_basic, nicolae_overflow_crystal_walls,
          gammafunk_temple_of_torment, minmay_temple_entry_overgrown
D:6:      layout_loops_ring, grunt_ministairs_1
D:7:      layout_gridville, nicolae_ru_awakened_eye, the_bakery,
          lemuel_angel_altar, uniq_harold
D:8:      layout_cave_pods, tso_altar, lemuel_round_altar, uniq_joseph
D:9:      layout_irregular_city, lemuel_crystal_altar, david_lair_generic,
          ebering_ghost_rock_garden, bh_walls_and_bars
Temple:   nicolae_temple_hex_pool

Skill      XL: |  1  2  3  4  5  6  7  8  9 |
---------------+----------------------------+-----
Stealth        | 3 4 |  4.0
Polearms       | 1 |  1.0
Unarmed Combat | 3 4 6 8 9 10 | 10.2
Fighting       | 3 5 |  5.1
Dodging        | 3 4 5 |  5.4
Short Blades   | |  1.0
Evocations     | |  3.2

Action                   |  1- 3 |  4- 6 |  7- 9 || total
-------------------------+-------+-------+-------++-------
Melee: Spear             |    15 |   110 |   192 ||   317
       Constrict         |     5 |    14 |    54 ||    73
       Short sword       |     3 |       |       ||     3
       Tentacles         |     3 |    26 |    45 ||    74
       Punch             |       |     1 |    11 ||    12
       Rapier            |       |       |    46 ||    46
       Unarmed           |       |       |     1 ||     1
Evoke: Wand              |     9 |    18 |    29 ||    56
  Use: Potion            |       |       |     6 ||     6
       Scroll            |       |       |     4 ||     4
 Stab: Sleeping          |     1 |     7 |    10 ||    18
       Paralysed         |       |    13 |       ||    13
       Distracted        |       |       |     1 ||     1
       Invisible         |       |       |     1 ||     1
  Eat: Chunk             |       |       |     8 ||     8
Armor: Skin              |     4 |     3 |     7 ||    14
Dodge: Dodged            |    12 |    57 |   184 ||   253

Table legend:
 A = Non-vault XP
 B = Vault XP
 C = Vault XP percentage of total XP
 D = Non-vault monster count
 E = Vault monster count
 F = Vault count percentage of total count
                 A         B        C        D         E       F
            +---------+---------+-------+---------+---------+-------
      Total |    2215 |    1722 |  43.7 |     122 |      25 |  17.0
            +---------+---------+-------+---------+---------+-------
        D:1 |      29 |       6 |  17.1 |      14 |       2 |  12.5
        D:2 |     245 |       0 |   0.0 |      23 |       0 |   0.0
        D:3 |      62 |      40 |  39.2 |      18 |       1 |   5.3
        D:4 |     359 |     170 |  32.1 |      21 |      19 |  47.5
        D:5 |     245 |       0 |   0.0 |       9 |       0 |   0.0
        D:6 |     545 |       0 |   0.0 |      16 |       0 |   0.0
        D:7 |     344 |     987 |  74.2 |      11 |       1 |   8.3
        D:8 |     155 |       0 |   0.0 |       5 |       0 |   0.0
        D:9 |     231 |     519 |  69.2 |       5 |       2 |  28.6
            +---------+---------+-------+---------+---------+-------
